 Dungeon Crawl Stone Soup version 0.31.0-12-g77e489cdc1 (webtiles) character file.

Game seed: 14435209114583378121

1317 Doomgape the Fighter (level 8, -1/99 HPs)
             Began as a Minotaur Fighter on Feb 12, 2024.
             Slain by a gnoll sergeant
             ... wielding a +0 flail
              (3 damage)
             ... on level 5 of the Dungeon.
             The game lasted 00:12:05 (3933 turns).

Doomgape the Fighter (Minotaur Fighter)             Turns: 3933, Time: 00:12:06

Health: -1/99      AC: 24    Str: 27    XL:     8   Next: 33%
Magic:  7/7        EV:  2    Int:  4    God:
Gold:   96         SH:  4    Dex:  9    Spells: 7/7 levels left

rFire   . . .        a - +1 flail
rCold   . . .        c - +0 buckler
rNeg    . . .        n - melded +0 chain mail {rF+}
rPois   +            (helmet currently unavailable)
rElec   .            (cloak currently unavailable)
rCorr   +            (gloves currently unavailable)
SInv    .            (boots currently unavailable)
Will    .....        l - amulet of the acrobat
Stlth   +            q - ring of resist corrosion
HPRegen 0.36/turn    (no ring)
MPRegen 0.10/turn

%: acrobat
@: tree-form
A: stationary, stasis, torment immunity, boosted hp, (horns 2), (retaliatory
headbutt), frail 1, strong 1
a: no special abilities


You were on level 5 of the Dungeon.
You were a tree.
You visited 1 branch of the dungeon, and saw 5 of its levels.

You collected 211 gold pieces.
You spent 115 gold pieces at shops.

Inventory:

Hand Weapons
 a - a +1 flail (weapon)
Missiles
 e - a throwing net (quivered)
Armour
 c - a +0 buckler (worn)
 n - a +0 chain mail of fire resistance (melded)
Jewellery
 h - a ring of flight
 l - an amulet of the acrobat (around neck)
 q - a ring of resist corrosion (left branch)
Wands
 g - a wand of light (13)
 k - a wand of roots (9)
 r - a wand of paralysis (6)
Scrolls
 f - 2 scrolls of identify
 m - 3 scrolls of vulnerability
 p - a scroll of immolation
 s - 2 scrolls of amnesia
Potions
 d - a potion of magic {unknown}
 i - 2 potions of enlightenment
 j - a potion of lignification


   Skills:
 + Level 8.0 Fighting
 + Level 7.3 Maces & Flails
 + Level 7.9 Armour
 - Level 3.6 Shields


You had 7 spell levels left.
You didn't know any spells.
Your spell library contained the following spells:

 Spells                   Type           Power      Damage    Failure   Level
 Cigotuvi's Dreadful Rot  Necr/Alch/Air  0%         N/A       71%         2
 Ignite Poison            Fire/Alch      0%         N/A       100%        4
 Freezing Cloud           Conj/Ice/Air   0%         6-21      100%        5


Dungeon Overview and Level Annotations

Branches:
Dungeon (5/15)             Temple (0/1) D:5

Altars:
The Shining One

Shops:
D:5 [


Innate Abilities, Weirdness & Mutations

You are a tree.
Your roots penetrate the ground, keeping you stationary.
You cannot be teleported.
You are immune to unholy pain and torment.
Your maximum health is greatly increased.
Your equipment is partially melded.
((You have a pair of horns on your head.))
((You reflexively headbutt those who attack you in melee.))
You are frail. (-10% HP)
Your muscles are strong. (Str +4, Int/Dex -1)


Message History

The gnoll attacks as it pursues you! The gnoll completely misses you.
Found a wand of roots (8).
The gnoll attacks as it pursues you! The gnoll completely misses you.
The gnoll sergeant attacks as it pursues you!
The gnoll sergeant misses you.
Found a stone staircase leading down.
The gnoll sergeant attacks as it pursues you!
The gnoll sergeant hits you but does no damage.
It was a potion of lignification.
You turn into a tree.
Your +0 chain mail of fire resistance melds into your body.
You feel less resistant to fire.
Your roots penetrate the ground.
You completely miss the gnoll sergeant.
The gnoll sergeant is severely wounded.
The gnoll sergeant hits you with a +0 flail.
* * * LOW HITPOINT WARNING * * *
The gnoll hits you but does no damage.
You hit the gnoll sergeant.
The gnoll sergeant is severely wounded.
The gnoll sergeant hits you but does no damage.
The gnoll hits you from afar with a +0 halberd.
* * * LOW HITPOINT WARNING * * *
You hit the gnoll sergeant.
The gnoll sergeant is almost dead.
The gnoll sergeant barely misses you. The gnoll barely misses you.
The gnoll sergeant hits you but does no damage.
You hit the gnoll sergeant but do no damage.
The gnoll sergeant is almost dead.
The gnoll hits you from afar with a +0 halberd.
* * * LOW HITPOINT WARNING * * *
The gnoll sergeant hits you with a +0 flail!
* * * LOW HITPOINT WARNING * * *
You barely miss the gnoll sergeant.
The gnoll sergeant is severely wounded.
You block the gnoll's attack.
The gnoll sergeant hits you but does no damage.
You hit the gnoll sergeant but do no damage.
The gnoll sergeant is severely wounded.
You block the gnoll's attack.
The gnoll sergeant hits you with a +0 flail.
You die...

#..# ### ######..# ##
#.. ........###.
##.######### #.....
#...g......# ##.....
#..........#####......
#..######........#....
#..#######.#...#......
#..gg♣.....#..........
#..#######.#..)##.....
#..# ####.##g..#.#...
#./# #......)).......
#... ........)#.#...#
##.# ...#....#.#.#...
#.. .#.....#.#.#.#.#
#> ...##...# >.#..(
#.. #..# #g#.#


You could see a gnoll sergeant and a gnoll.

Vanquished Creatures
  Pikel (D:5)
  A water moccasin (D:4)
  A centaur (D:5)
  A phantom (D:4)
  Blork the orc (D:4)
  2 scorpions (D:5)
  Crazy Yiuf (D:2)
  2 hounds (D:5)
  A jelly (D:5)
  Ijyb (D:3)
  A sleepcap (D:4)
  An iguana (D:4)
  12 gnolls
  6 adders
  5 dart slugs
  2 ribbon worms
  An orc (D:4)
  8 ball pythons
  3 endoplasms (D:1)
  6 goblins
  10 hobgoblins
  3 jackals (D:4)
  4 kobolds
  A quokka (D:1)
  7 bats
  4 frilled lizards
  4 rats
90 creatures vanquished.

Notes
Turn   | Place    | Note
-------+----------+-------------------------------------------
     0 | D:1      | Doomgape the Minotaur Fighter began the quest for the Orb.
     0 | D:1      | Reached XP level 1. HP: 19/19 MP: 0/0
   189 | D:1      | Reached XP level 2. HP: 27/27 MP: 1/1
   287 | D:1      | Reached skill level 4 in Fighting
   418 | D:1      | Reached XP level 3. HP: 33/33 MP: 2/2
  1281 | D:2      | Found a runed translucent door.
  1282 | D:2      | Noticed Crazy Yiuf
  1287 | D:2      | Killed Crazy Yiuf
  1288 | D:2      | Reached XP level 4. HP: 41/41 MP: 3/3
  1725 | D:3      | Found a glowing golden altar of the Shining One.
  1823 | D:3      | Reached skill level 5 in Fighting
  1951 | D:3      | Reached XP level 5. HP: 48/48 MP: 4/4
  1956 | D:3      | Identified the +0 leather armour of the Bagpipe {Regen+
                  | Int+2 Stlth+}
  2017 | D:3      | Noticed Ijyb
  2035 | D:3      | Paralysed by Ijyb for 4 turns
  2046 | D:3      | Killed Ijyb
  2047 | D:3      | Reached skill level 5 in Armour
  2287 | D:4      | Noticed a water moccasin
  2298 | D:4      | Killed a water moccasin
  2299 | D:4      | Reached XP level 6. HP: 17/56 MP: 5/5
  2300 | D:4      | Gained mutation: Your muscles are strong. (Str +4, Int/Dex
                  | -1) [potion of mutation]
  2300 | D:4      | Gained mutation: You are frail. (-10% HP) [potion of
                  | mutation]
  2731 | D:4      | Reached skill level 5 in Maces & Flails
  2731 | D:4      | Noticed Blork the orc
  2738 | D:4      | Killed Blork the orc
  2739 | D:4      | Reached skill level 6 in Fighting
  3331 | D:4      | Reached XP level 7. HP: 57/57 MP: 6/6
  3504 | D:5      | Entered Level 5 of the Dungeon
  3704 | D:5      | Found Nymes's Armour Boutique.
  3705 | D:5      | Noticed an animated crystal plate armour
  3705 | D:5      | Noticed an animated shadow dragon scales
  3714 | D:5      | Reached skill level 7 in Fighting
  3840 | D:5      | Bought a +0 chain mail of fire resistance for 115 gold
                  | pieces
  3880 | D:5      | Noticed Pikel
  3885 | D:5      | Found a staircase to the Ecumenical Temple.
  3892 | D:5      | Killed Pikel
  3893 | D:5      | Reached skill level 8 in Fighting
  3893 | D:5      | Reached XP level 8. HP: 16/66 MP: 7/7
  3931 | D:5      | HP: 2/99 [gnoll sergeant/+0 flail (8)]
  3933 | D:5      | Slain by a gnoll sergeant

Illustrated notes

Levels and vault maps discovered:
D:1:      dpeg_arrival_orchard, layout_basic
D:2:      layout_basic, uniq_crazy_yiuf_cottage
D:3:      layout_rooms, nicolae_tso_carved_into_rock, uniq_ijyb
D:4:      wander_river, layout_loops_ring, nicolae_half_adder,
          uniq_blork_the_orc
D:5:      layout_loops_ring, minmay_temple_entry_grid, serial_shops,
          nicolae_shop_mannequins, chequers_big_river, uniq_pikel, uniq_sigmund

Skill      XL: |  1  2  3  4  5  6  7 |
---------------+----------------------+-----
Fighting       | 4 5 6 8 |  8.0
Armour         | 4 5 6 7 |  7.9
Maces & Flails | 3 4 5 7 |  7.3
Shields        | |  3.6

Action                     |  1- 3 |  4- 6 |  7- 9 || total
---------------------------+-------+-------+-------++-------
  Melee: Flail             |    85 |   103 |    58 ||   246
         Headbutt          |    12 |    18 |     4 ||    34
  Evoke: Wand              |       |     1 |     1 ||     2
    Use: Potion            |     1 |     3 |     1 ||     5
         Scroll            |       |     3 |     5 ||     8
   Stab: Paralysed         |       |     3 |       ||     3
 Armour: Scale mail        |    60 |    63 |    25 ||   148
         Chain mail        |       |       |    23 ||    23
         Skin              |       |       |     9 ||     9
  Dodge: Dodged            |    66 |    58 |    38 ||   162
  Block: Buckler           |    15 |    20 |    14 ||    49
